Map: [ESL] Cosmic Sapphire

Players

Neeb - Winner!

  • Race: Protoss Protoss
  • Spawn Location: 5:00

Astrea

  • Race: Protoss Protoss
  • Spawn Location: 11:00

Event: DreamHack SC2 Masters 2022 Atlanta (Online)

VOD

Have the link to the VOD?

Description

Time

  • Played on: Oct. 15, 2022, 4:02 p.m.
  • Length: 6:37

All games in this series

Show
View Real Time Build Order
Export as new Build Order

Neeb Protoss - Winner!

Build Orders: 1 Gate Expand, Phoenix Opening 

Get SALT Encoding   

  12  0:01  Probe  
  13  0:13  Probe  
  14  0:19  Pylon  
  14  0:25  Probe  
  15  0:37  Probe (Chrono Boost)  
  15  0:39  Gateway  
  16  0:47  Probe (Chrono Boost), Assimilator  
  17  0:52  Probe (Chrono Boost)  
  18  1:04  Probe  
  19  1:16  Probe  
  20  1:23  Nexus  
  20  1:33  Cybernetics Core  
  20  1:36  Probe  
  21  1:43  Assimilator  
  21  1:48  Probe  
  21  1:51  Pylon  
  22  2:00  Probe (Chrono Boost)  
  23  2:09  Stalker (Chrono Boost)  
  23  2:11  Warp Gate (Chrono Boost), Probe (Chrono Boost)  
  26  2:16  Probe (Chrono Boost)  
  27  2:27  Probe  
  27  2:28  Pylon  
  28  2:36  Sentry (Chrono Boost), Probe  
  31  2:40  Gateway  
  31  2:41  Probe  
  32  2:48  Probe  
  33  2:53  Probe  
  33  2:55  Shield Battery  
  33  2:56  Stalker  
  36  3:01  Robotics Facility  
  36  3:03  Probe  
  37  3:07  Probe  
  38  3:13  Shield Battery  
  38  3:15  Probe  
  38  3:18  Shield Battery, Phoenix  
  39  3:27  Probe  
  38  3:36  Probe  
  37  3:43  Shield Battery  
  37  3:47  Shield Battery  
  37  3:48  Immortal (Chrono Boost)  
  36  3:53  Stalker x2  
  44  3:58  Pylon  
  43  4:11  Cybernetics Core  
  43  4:16  Sentry, Stalker  
  47  4:21  Immortal (Chrono Boost)  
  47  4:24  Probe x2  
  51  4:36  Gateway  
  51  4:38  Pylon  
  51  4:40  Zealot  
  51  4:43  Pylon  
  53  4:55  Warp Prism (Chrono Boost)  
  53  4:58  Pylon  
  55  5:05  Stalker  
  51  5:09  Probe x2  
  51  5:16  Cybernetics Core  
  52  5:21  Probe  
  52  5:23  Probe  
  52  5:25  Immortal (Chrono Boost)  
  57  5:33  Zealot x2  
  59  5:36  Probe  
  59  5:38  Probe  
  59  5:41  Pylon  
  55  5:55  Shield Battery  
  52  5:58  Probe  
  52  5:59  Stalker  
  52  6:00  Stalker  
  58  6:10  Probe  
  55  6:15  Probe  
  53  6:29  Stalker x2  
Show
View Real Time Build Order
Export as new Build Order

Astrea Protoss 

Build Orders:  

Get SALT Encoding   

  12  0:01  Probe  
  13  0:13  Probe  
  14  0:17  Pylon  
  14  0:25  Probe (Chrono Boost)  
  15  0:37  Gateway, Probe (Chrono Boost)  
  16  0:44  Probe (Chrono Boost)  
  16  0:47  Assimilator  
  17  0:51  Probe  
  17  0:55  Assimilator  
  18  1:03  Probe (Chrono Boost)  
  19  1:08  Gateway  
  19  1:13  Probe (Chrono Boost)  
  19  1:18  Probe (Chrono Boost)  
  20  1:24  Cybernetics Core  
  21  1:30  Probe  
  22  1:38  Pylon  
  22  1:42  Probe  
  23  1:56  Probe  
  23  2:00  Adept, Stalker  
  28  2:01  Warp Gate  
  28  2:09  Pylon  
  28  2:11  Probe  
  29  2:30  Stalker x2  
  33  2:37  Gateway  
  32  2:52  Probe  
  33  3:00  Stalker x2  
  37  3:15  Pylon  
  37  3:34  Gateway  
  33  3:51  Stalker x2  
  33  3:52  Stalker  
  33  3:54  Pylon  
  39  4:09  Stalker x2  
  43  4:22  Stalker  
  45  4:31  Sentry  
  45  4:32  Stalker x2  
  51  4:46  Sentry  
  53  4:55  Stalker  
  53  4:58  Pylon  
  49  5:09  Stalker x3  
  49  5:32  Adept x4  
  53  5:38  Probe  
  44  5:52  Stalker x2  
  48  6:01  Stalker x2  
  36  6:29  Stalker x3  
Tags
 
Add a new tag
Caveats
  • Supply blocks, unpowered buildings, or Contaminate may cause inaccurate times.
  • Supply counts are checked every 10 seconds.